[Event "Late-Titled-Tuesday-Blitz-March-19-2024"]
[Site "Chess.com"]
[Date "2024.03.19"]
[Round "4"]
[White "mishanick"]
[Black "aistrel"]
[Result "1-0"]
[WhiteElo "3116"]
[BlackElo "2643"]
[TimeControl "180+1"]
[EndTime "14:39:04 PDT"]
[Termination "mishanick won by resignation"]

1. d4 d5 2. c4 dxc4 3. e3 Nf6 4.
Bxc4 e6 5. Nf3 c5 6. O-O a6 7. Qe2 b5 8. Bb3 Bb7 9. Rd1 Nbd7 10. Nc3 Qc7 11. e4 cxd4 12. Nxd4 Bc5 13. Be3 O-O 14. f3 Rfd8 15. Rac1 Qb6 16. Nc2 Rac8 17. Qf2 Bxe3 18. Nxe3 Nc5 19. Bc2 h6 20. Rxd8+ Rxd8 21. Rd1 b4 22.
Rxd8+ Qxd8 23. Na4 Qd4 24. Nxc5 Qxc5 25. Qd2 Nd7 26.
Kf2 Ne5 27. Kg3 g6 28. h4 Kg7 29. Bb3 Qc7 30. Qd4 Kh7 31. Kf2 Nc6 32. Qf6 Qe7 33.
Qxe7 Nxe7 34. Nc4 Kg7 35. Na5 Bc6 36. Bc4 Bb5 37. Ke3 Bxc4 38. Nxc4 Nc6 39. e5 g5 40. h5 f6 41. exf6+ Kxf6 42. Ke4 Ne7 43. Ne3 Nf5 44. Ng4+ Ke7 45. Ke5 a5 46. b3 Ng7 47.
Nf6 Kf7 48. g4 Ke7 49. Ng8+ Kd7 50. Nxh6 Ne8 51. Nf7 Nd6 52. Nxg5 Nb5 53. h6 Ke7 54. h7 1-0

[Event "Late-Titled-Tuesday-Blitz-March-19-2024"]
[Site "Chess.com"]
[Date "2024.03.19"]
[Round "4"]
[White "Yan_Dyomin2010"]
[Black "bipe137"]
[Result "1-0"]
[WhiteElo "2737"]
[BlackElo "2534"]
[TimeControl "180+1"]
[EndTime "14:39:04 PDT"]
[Termination "Yan_Dyomin2010 won on time"]

1. e4 c5 2. Nf3 e6 3. c3 Nf6 4. e5 Nd5 5. Bc4 d6 6. d4 cxd4 7. cxd4 Nb6 8. Bd3 dxe5 9. dxe5 Bd7 10. O-O Bc6 11. Nc3 Nd5 12. Ne4 Nd7 13. Bg5 Qc7 14. Re1 Bb4 15. Bd2 Bxd2 16. Nexd2 O-O 17. h4 Nf4 18.
Be4 Nc5 19. Bxc6 Qxc6 20. b4 Ncd3 21. Re4 Rfd8 22. Qf1 Rac8 23. g3 Ng6 24. Nd4 Qc3 25. N2f3 Ngxe5 26. Nxe5 Nxe5 27. Ne2 Qb2 28. Rb1 Nf3+ 29.
Kg2 Qf6 30. Rf4 Nd2 31. Rxf6 Nxf1 32. Rf4 Nd2 33. Rd1 b5 34. Rd4 Rxd4 35. Nxd4 Nc4 36.
Nxb5 a6 37. Na7 Ra8 38. Nc6 h6 39. Rd7 Kf8 40. Rc7 Nd6 41. Ne5 Rb8 42. a3 f6 43.
Nd7+ 1-0

[Event "Late-Titled-Tuesday-Blitz-March-19-2024"]
[Site "Chess.com"]
[Date "2024.03.19"]
[Round "4"]
[White "GlavkonVVS"]
[Black "PapaieDudu"]
[Result "1/2-1/2"]
[WhiteElo "2681"]
[BlackElo "2472"]
[TimeControl "180+1"]
[EndTime "14:39:04 PDT"]
[Termination "Game drawn - insufficient material"]

1. c4 e6 2. Nc3 d5 3. d4 Nf6 4.
Nf3 a6 5. cxd5 exd5 6. Bg5 Be7 7. e3 Nbd7 8. Bd3 O-O 9. O-O Re8 10. Rc1 Nf8 11. Qc2 h6 12. Bf4 Ne6 13. Bg3 c6 14.
Ne5 Bd7 15. f4 Rf8 16. Be1 Be8 17. h3 Rc8 18. Qb3 b5 19. Ne2 c5 20. Qd1 cxd4 21. exd4 Ne4 22. Bxe4 dxe4 23. Bf2 Rxc1 24. Qxc1 Qd5 25.
b3 b4 26. Qc4 Qb7 27. d5 Bb5 28.
Qxe4 Bxe2 29. Qxe2 Qxd5 30. g3 Nd4 31. Bxd4 Qxd4+ 32. Kg2 Re8 33. Qxa6 Bc5 34. Qe2 f6 35. Qc4+ Qxc4 36.
Nxc4 Re2+ 37. Kf3 Rxa2 38. Kg4 g6 39. f5 h5+ 40. Kh4 Kg7 41. fxg6 Kxg6 42. Rf3 Rg2 43. Ne3 Bxe3 44. Rxe3 Rb2 45. g4 hxg4 46. Kxg4 Rg2+ 47. Kf4 Rb2 48. Rg3+ Kh6 49. Ke4 Re2+ 50. Kd4 Rf2 51.
Kc5 Rf4 52. Rg4 Rxg4 53. hxg4 Kg5 54. Kxb4 Kxg4 55. Ka5 f5 56. b4 f4 57. b5 f3 58. b6 f2 59. b7 f1=Q 60. b8=Q Qa1+ 61. Kb6 Qb1+ 62. Kc7 Qxb8+ 63. Kxb8 1/2-1/2

[Event "Late-Titled-Tuesday-Blitz-March-19-2024"]
[Site "Chess.com"]
[Date "2024.03.19"]
[Round "4"]
[White "grandcoach"]
[Black "Quattroporte300"]
[Result "0-1"]
[WhiteElo "2236"]
[BlackElo "2512"]
[TimeControl "180+1"]
[EndTime "14:39:04 PDT"]
[Termination "Quattroporte300 won on time"]

1. e4 c5 2. b4 cxb4 3. a3 e6 4. axb4 Bxb4 5. c3 Be7 6. d4 d5 7.
e5 Nc6 8. Bd3 Bd7 9. h4 f6 10.
Qh5+ Kf8 11. Rh3 Be8 12. Qe2 Bg6 13. exf6 Bxf6 14. Qxe6 Qe8 15. Ba3+ Nge7 16. Ne2 Bf7 17. Qe3 Kg8 18. Nf4 Ng6 19. Nh5 Qxe3+ 20. Rxe3 Bxh4 21.
g3 Bf6 22. Nxf6+ gxf6 23. Nd2 Kg7 24. Nb3 b6 25. Bb5 Rac8 26. Bd6 Rhd8 27. Be7 Rd7 28. Ba3 a5 29. Kd2 Na7 30. Bxd7 Rd8 31. Bf5 Nb5 32. Bb2 Nd6 33. Bxg6 Nc4+ 34. Kc1 Nxe3 35. Bxf7 Nc4 36.
Be6 Rd6 37. Bg4 Rd8 38. Nd2 Nd6 39. Nf3 f5 40. Bh3 Rc8 41. Kd2 Kf6 42. Kc2 Ne4 43.
Ba3 Rc7 44. Rb1 Rxc3+ 0-1

[Event "Late-Titled-Tuesday-Blitz-March-19-2024"]
[Site "Chess.com"]
[Date "2024.03.19"]
[Round "4"]
[White "nabukatnezarr"]
[Black "jocmil"]
[Result "1-0"]
[WhiteElo "2590"]
[BlackElo "2741"]
[TimeControl "180+1"]
[EndTime "14:39:06 PDT"]
[Termination "nabukatnezarr won by checkmate"]

1. e4 c6 2. Nc3 d5 3. Nf3 Bg4 4.
h3 Bh5 5. exd5 cxd5 6. g4 Bg6 7.
Ne5 Nc6 8. Bb5 Rc8 9. d4 e6 10. h4 f6 11. Nxg6 hxg6 12. Be3 a6 13. Bd3 Kf7 14.
h5 gxh5 15. gxh5 Bb4 16. Qg4 Nge7 17. O-O-O Bxc3 18. bxc3 Qa5 19. Bg6+ Nxg6 20. Qxg6+ Kf8 21. h6 Rg8 22. hxg7+ Ke7 23. Kd2 Nd8 24. Rb1 Qxc3+ 25. Kd1 b5 26. Rh6 Kd7 27. Rc1 Nc6 28. Qxf6 Rce8 29. Rh8 e5 30. Rxg8 Rxg8 31. Qf7+ Ne7 32. Ke2 exd4 33. Bg5 d3+ 34. cxd3 Qe5+ 35. Be3 d4 36. Qf3 dxe3 37. Qb7+ Ke6 38. fxe3 Rxg7 39. Qb6+ Kf5 40. e4+ Kg5 41. Rg1+ Kh5 42. Rh1+ Kg5 43. Qh6+ Kg4 44. Qh4# 1-0

[Event "Late-Titled-Tuesday-Blitz-March-19-2024"]
[Site "Chess.com"]
[Date "2024.03.19"]
[Round "4"]
[White "Dr_Pepper18"]
[Black "CarlosjPineror"]
[Result "0-1"]
[WhiteElo "2448"]
[BlackElo "2673"]
[TimeControl "180+1"]
[EndTime "14:39:07 PDT"]
[Termination "CarlosjPineror won on time"]

1. d4 Nf6 2. Nf3 e6 3. c3 c5 4. Bf4 b6 5. e3 Bb7 6. Nbd2 Nh5 7. Bg5 Be7 8. Bxe7 Qxe7 9. Bd3 a6 10. O-O O-O 11. a4 d6 12. Qe2 Nd7 13. h3 f5 14.
Rfe1 e5 15. Nxe5 Ng3 16. fxg3 dxe5 17. e4 cxd4 18. exf5 dxc3 19. bxc3 Nc5 20. Bc4+ Kh8 21. Qxe5 Qd7 22. Rad1 Rxf5 23. Qe7 Qxe7 24. Rxe7 Rd8 25.
Rde1 Bc6 26. Nb3 Bxa4 27. Nd4 Rff8 28. Ra7 Rd7 29. Rxd7 Bxd7 30. Re7 Re8 31. Rf7 a5 32. Bb5 Bxb5 33. Nxb5 h6 34. Rc7 a4 35. Rc6 Ra8 36.
Na3 Rb8 37. Kf2 Kg8 38. Ke3 Kf7 39. Kd4 Ne6+ 40. Kc4 Ke7 41. Kb5 Kd7 42. Rc4 Nc7+ 43.
Kb4 b5 44. Rd4+ Kc6 45. c4 Na6+ 46. Ka5 b4 47. Kxa6 bxa3 48. Rd3 Rb3 49. Rd8 a2 50. Rc8+ Kd7 0-1

[Event "Late-Titled-Tuesday-Blitz-March-19-2024"]
[Site "Chess.com"]
[Date "2024.03.19"]
[Round "4"]
[White "Koalaskakistis"]
[Black "TheMagician"]
[Result "0-1"]
[WhiteElo "2489"]
[BlackElo "2232"]
[TimeControl "180+1"]
[EndTime "14:39:08 PDT"]
[Termination "TheMagician won by checkmate"]

1. d4 Nf6 2. Nc3 d5 3. Bf4 c6 4.
e3 h6 5. Nf3 Bf5 6. Ne5 Nbd7 7.
Bd3 Bxd3 8. Qxd3 e6 9. O-O Nxe5 10. Bxe5 Be7 11. e4 O-O 12. exd5 Nxd5 13. Nxd5 exd5 14. c3 Qd7 15. Rae1 Rfe8 16. Qg3 Bf8 17. Bf4 Rxe1 18. Rxe1 Re8 19. f3 Rxe1+ 20. Qxe1 Qe6 21. Qxe6 fxe6 22. Kf2 Kf7 23. Be5 g6 24. Ke3 h5 25. g3 Bh6+ 26.
Kd3 a6 27. h3 Bg5 28. g4 Be7 29. gxh5 gxh5 30. Ke3 Kg6 31. f4 Kf5 32. Kf3 Bh4 33. Bc7 b5 34. Bd6 a5 35. Bc5 a4 36. b3 axb3 37.
axb3 Be1 38. Bb4 Bd2 39. Ba5 Bxf4 40. Bb4 e5 41. dxe5 Bxe5 42. Ba5 c5 43. c4 bxc4 44.
bxc4 dxc4 45. Bd2 c3 46. Bc1 Bd4 47. Ke2 Ke4 48. Kd1 Kd3 49. Bg5 c4 50. Bc1 Bc5 51. h4 Bb4 52. Bg5 c2+ 53. Kc1 Ba3# 0-1

[Event "Late-Titled-Tuesday-Blitz-March-19-2024"]
[Site "Chess.com"]
[Date "2024.03.19"]
[Round "4"]
[White "DamianoLew95"]
[Black "MidnightFox"]
[Result "1-0"]
[WhiteElo "2732"]
[BlackElo "2513"]
[TimeControl "180+1"]
[EndTime "14:39:10 PDT"]
[Termination "DamianoLew95 won on time"]

1. e4 c5 2. Nf3 d6 3. Bb5+ Nd7 4. O-O Nf6 5. Re1 g6 6. c3 Bg7 7. d4 O-O 8. e5 Nd5 9. Bg5 dxe5 10. dxe5 Nc7 11. Bf1 b6 12. Nbd2 Bb7 13. a4 Ne6 14.
Bh4 Re8 15. Bc4 Qc7 16. Qb3 Ndf8 17. Ne4 Bxe5 18. Nxe5 Qxe5 19. Nf6+ exf6 20. Rxe5 fxe5 21. Bg3 f6 22. Rd1 Re7 23. h4 Kg7 24. h5 gxh5 25.
Be2 Ng6 26. Bxh5 Ngf4 27. Bxf4 Nxf4 28. Bf3 Bxf3 29. gxf3 Rg8 30. Kh2 Kh8 31. Rg1 Reg7 32.
Rxg7 Rxg7 33. a5 bxa5 34. Qb8+ Rg8 35. Qxa7 Rg2+ 36. Kh1 Rxf2 37. Qxc5 Rg2 38. Qf8+ Rg8 39. Qxf6+ Rg7 40. Qxe5 Ng6 41. Qxa5 h6 42. c4 Kh7 43. c5 Ne5 44. Qc3 Re7 45. b4 Kg6 46. b5 Kf5 47. c6 1-0

[Event "Late-Titled-Tuesday-Blitz-March-19-2024"]
[Site "Chess.com"]
[Date "2024.03.19"]
[Round "4"]
[White "liwadas82"]
[Black "tylityli"]
[Result "0-1"]
[WhiteElo "2513"]
[BlackElo "2328"]
[TimeControl "180+1"]
[EndTime "14:39:10 PDT"]
[Termination "tylityli won on time"]

1. e4 e5 2. Nf3 Nc6 3. Bb5 a6 4. Ba4 Nf6 5. d4 exd4 6. O-O d6 7. Nxd4 Bd7 8. Nc3 Nxd4 9. Qxd4 Bxa4 10. Nxa4 Be7 11.
c4 O-O 12. Nc3 Nd7 13. Nd5 Bf6 14. Nxf6+ Qxf6 15. Qxf6 Nxf6 16. f3 h6 17. h3 b5 18.
cxb5 axb5 19. a3 Nd7 20. Bf4 Nb6 21. Rac1 Nc4 22. Rc2 c5 23. Rd1 Rfd8 24. Kf2 f6 25. a4 Rxa4 26. b3 Na3 27. bxa4 Nxc2 28. axb5 Rb8 29. Bxd6 Rxb5 30. Rc1 Nb4 31. Ke3 Na6 32. Rc3 Kf7 33. Ra3 Rb6 34. Bg3 g5 35. Kd3 h5 36.
Kc4 Ke6 37. Rb3 Rxb3 38. Kxb3 Kd7 39. Kc4 Kc6 40. Be1 Nb8 41. Bc3 Nd7 42. g4 hxg4 43. hxg4 Ne5+ 44. Kb3 Kb5 45. Bb2 c4+ 0-1

[Event "Late-Titled-Tuesday-Blitz-March-19-2024"]
[Site "Chess.com"]
[Date "2024.03.19"]
[Round "4"]
[White "teresin05"]
[Black "rhwr"]
[Result "1-0"]
[WhiteElo "2187"]
[BlackElo "2311"]
[TimeControl "180+1"]
[EndTime "14:39:10 PDT"]
[Termination "teresin05 won on time"]

1. e4 c5 2. Nf3 d6 3. d4 cxd4 4. Nxd4 Nf6 5. f3 e5 6. Nb3 Be7 7. Bg5 O-O 8. c4 h6 9. Be3 Be6 10. Nc3 Nc6 11. Be2 a6 12. O-O Rc8 13. Qd2 Re8 14. Nd5 Bxd5 15. cxd5 Nb8 16. Rac1 Qd7 17. Na5 b5 18. Rxc8 Rxc8 19. Rc1 Bd8 20. Rc3 Kh7 21. Qc2 Rc7 22. Nc6 Nxc6 23. Rxc6 Ne8 24. a4 Rb7 25.
axb5 axb5 26. Qb3 b4 27. Qc4 Bg5 28. Bxg5 hxg5 29. b3 Nf6 30. g3 Qd8 31. Kg2 Rb6 32. Bd3 Qb8 33. Rc8 Qa7 34. Rc6 Qa2+ 35. Kg1 Qa7 36.
Kg2 g4 37. fxg4 Nxg4 38. Kh3 Nf2+ 39. Kg2 Nxd3 40. Qxd3 Qa2+ 41. Kh3 Kg6 42. Rxb6 1-0

[Event "Late-Titled-Tuesday-Blitz-March-19-2024"]
[Site "Chess.com"]
[Date "2024.03.19"]
[Round "4"]
[White "MightyMike_009"]
[Black "Harsha_Bharathakoti"]
[Result "0-1"]
[WhiteElo "2777"]
[BlackElo "2950"]
[TimeControl "180+1"]
[EndTime "14:39:12 PDT"]
[Termination "Harsha_Bharathakoti won by resignation"]

1. d4 d5 2. c4 e6 3. Nc3 a6 4. cxd5 exd5 5. Nf3 c6 6. Bf4 Bd6 7. e3 Bxf4 8. exf4 Bg4 9. Be2 Bxf3 10.
Bxf3 Ne7 11. O-O O-O 12. a3 Nd7 13. Qd3 Nc8 14. Rac1 Nd6 15. Rfe1 Re8 16. Na4 g6 17. g3 Qa5 18. Nc3 Qb6 19. b4 Nf6 20. Kg2 Nf5 21. Red1 Re7 22. Re1 Rxe1 23. Rxe1 Qxd4 24. Qc2 Re8 25.
Rxe8+ Nxe8 26. Na4 Ned6 27. Nc5 Qf6 28. Qe2 Qe7 29. Qd3 h5 30. h4 Ng7 31. Nb3 Qf6 32. Qe3 Ne6 33. Na5 Qd4 34. Qe5 Qxe5 35. fxe5 Nc4 36. Nxb7 Nxa3 37. Na5 Nd4 38. Bd1 Nc4 39.
f4 Nxa5 40. bxa5 Kf8 41. Kf2 Ke7 42. Ke3 c5 43. Ba4 Ke6 44. Be8 Nb3 45. Bc6 Nxa5 46.
Ba8 Nc4+ 47. Kd3 Nb6 48. Bb7 a5 49. Kc3 a4 50. Kb2 Nc4+ 51. Kc3 Ne3 52. Bc8+ Ke7 53.
Kd3 Nf5 54. Bb7 d4 55. Bd5 Nxg3 56. Ba2 Nf5 57. Kc4 Nxh4 58. Bb1 a3 59. Kxc5 d3 60. Kb4 d2 0-1

[Event "Late-Titled-Tuesday-Blitz-March-19-2024"]
[Site "Chess.com"]
[Date "2024.03.19"]
[Round "4"]
[White "Thjop"]
[Black "SuanFernandes"]
[Result "1-0"]
[WhiteElo "2657"]
[BlackElo "2325"]
[TimeControl "180+1"]
[EndTime "14:39:13 PDT"]
[Termination "Thjop won by resignation"]

1. d4 d5 2. Nf3 Nf6 3. g3 c5 4.
Bg2 Nc6 5. O-O e6 6. c4 dxc4 7. Ne5 Bd7 8. Na3 cxd4 9. Naxc4 Be7 10. Bf4 Nd5 11. Nxc6 Bxc6 12. Be5 Bf6 13. Qxd4 O-O 14.
Rfd1 Rc8 15. e4 Bxe5 16. Nxe5 Nb6 17. Nxc6 bxc6 18. Qc5 Qc7 19. Rac1 Rfd8 20. Rxd8+ Rxd8 21. e5 Nd5 22. Qxc6 Qxe5 23. Qb7 a5 24. Rc8 Qd6 25.
Bxd5 exd5 26. Qa8 Rf8 27. Kf1 Rxc8 28. Qxc8+ Qf8 29. Qxf8+ Kxf8 30. Ke2 Ke8 31. Kd3 Kd7 32. Kd4 Kd6 33. b3 f6 34. a3 g5 35. g4 h6 36. b4 axb4 37. axb4 Kc6 38. f3 Kb5 39. Kxd5 Kxb4 40. Ke6 Kc3 41. Kxf6 Kd3 42. Kg6 Ke3 43. Kxh6 Kf4 44. Kh5 Kxf3 45. Kxg5 Kg2 46. h4 Kg3 47. h5 Kf3 48. h6 Ke3 49. h7 Kf3 50. h8=Q Kg2 51.
Qf6 Kg1 52. Qf3 1-0

[Event "Late-Titled-Tuesday-Blitz-March-19-2024"]
[Site "Chess.com"]
[Date "2024.03.19"]
[Round "4"]
[White "AndreyNeves"]
[Black "Licancabur"]
[Result "0-1"]
[WhiteElo "2116"]
[BlackElo "2496"]
[TimeControl "180+1"]
[EndTime "14:39:13 PDT"]
[Termination "Licancabur won by resignation"]

1. d4 d5 2. c4 dxc4 3. Nf3 Nf6 4. g3 Nc6 5. Bg2 Bg4 6. O-O e6 7. Qa4 Bxf3 8. Bxf3 Nd5 9. Nc3 Bb4 10. e4 Nxc3 11. bxc3 Bxc3 12. Ba3 Qf6 13. Bg2 Qxd4 14. Rad1 Qe5 15.
Qxc4 Qa5 16. Qb3 Bb4 17. Bb2 O-O 18. e5 Rfd8 19. Rc1 Bc5 20. Qc4 Qb4 21. Qe2 Bd4 22. Bxd4 Nxd4 23. Qg4 c5 24. Rb1 Qd2 25. Rxb7 Rab8 26.
Rxa7 Rb2 27. Qh5 Rf8 28. a4 c4 29. Be4 g6 30. Qh6 Qxh6 31. a5 Ne2+ 32. Kg2 c3 33. a6 Nf4+ 34. gxf4 Qxf4 35. Bf3 c2 36. Rc7 Ra2 37. a7 Qxe5 38. Rc4 Rxa7 39. Rxc2 Ra5 40. Re2 Qf4 41. Rfe1 Rg5+ 42. Kf1 Qxf3 43. Re3 Qh1+ 44.
Ke2 Qd5 45. Rd1 Qc4+ 46. Ke1 Rg1+ 47. Kd2 Rxd1+ 48. Kxd1 Rd8+ 0-1

[Event "Late-Titled-Tuesday-Blitz-March-19-2024"]
[Site "Chess.com"]
[Date "2024.03.19"]
[Round "4"]
[White "Mariia89"]
[Black "MathiasWomacka"]
[Result "1-0"]
[WhiteElo "2278"]
[BlackElo "2498"]
[TimeControl "180+1"]
[EndTime "14:39:15 PDT"]
[Termination "Mariia89 won by resignation"]

1. d4 Nf6 2. Nf3 e6 3. Bg5 c5 4.
e3 Qb6 5. Qc1 Nc6 6. c3 d5 7. Bd3 Nh5 8. O-O h6 9. Bh4 g5 10. Bg3 Nxg3 11. hxg3 Bg7 12. Nbd2 Bd7 13. a4 O-O-O 14. a5 Qc7 15. dxc5 g4 16. Nd4 Ne5 17. Be2 Qxc5 18. b4 Qc7 19. b5 Kb8 20. b6 axb6 21. axb6 Qxb6 22. Qa3 Bc6 23. Rfb1 Bf8 24.
Qa8+ Kc7 25. Qxd8+ Kxd8 26. Rxb6 Kc7 27. Rbb1 h5 28. c4 dxc4 29. Nxc4 Nxc4 30. Bxc4 Bg7 31. Ra7 Bxd4 32. exd4 Rd8 33. Rd1 Kd6 34. Raa1 b5 35. Bf1 Rb8 36. Rab1 b4 37. Rb2 Bd5 38. Rdb1 b3 39. Bd3 Rb4 40. Be2 Rxd4 41. Bd1 f5 42.
Bxb3 Bxb3 43. Rxb3 f4 44. gxf4 Rxf4 45. Re3 h4 46.
Rbe1 Rf6 47. Re4 g3 48. fxg3 hxg3 49. R4e3 Rg6 50. Rf1 Ke7 51. Rff3 1-0

[Event "Late-Titled-Tuesday-Blitz-March-19-2024"]
[Site "Chess.com"]
[Date "2024.03.19"]
[Round "4"]
[White "AsterPhoenix"]
[Black "Heydarli77"]
[Result "0-1"]
[WhiteElo "2644"]
[BlackElo "2382"]
[TimeControl "180+1"]
[EndTime "14:39:18 PDT"]
[Termination "Heydarli77 won on time"]

1. e4 c5 2. Nf3 e6 3. d4 cxd4 4. Nxd4 a6 5. Bd3 Nf6 6. O-O d6 7.
c4 b6 8. Nc3 Bb7 9. b3 Nbd7 10.
Bb2 Be7 11. Qe2 O-O 12. Rae1 Qc7 13. Kh1 Rfe8 14. f4 Bf8 15. f5 Ne5 16. Bb1 Nc6 17. Nxc6 Bxc6 18. fxe6 Rxe6 19. Qf2 Ng4 20. Qf4 Ne5 21.
Nd5 Bxd5 22. exd5 Rf6 23. Qh4 Rh6 24. Qg3 Rg6 25. Bxg6 Nxg6 26. Re4 b5 27. Rfe1 bxc4 28. Rxc4 Qa5 29. h4 Qxd5 30. Qg5 Ne5 31. Bxe5 dxe5 32. Qxe5 Qd2 33. Qe2 Qa5 34. Rf1 Rd8 35. Qf3 f6 36. Ra4 Qb5 37. Rc4 h5 38. Rd1 Rxd1+ 39. Qxd1 Qa5 40.
Rc8 Qb4 41. Qd5+ Kh7 42. Qxh5+ Kg8 43. Qd5+ Kh7 44. Qe6 Qxh4+ 45. Qh3 Qxh3+ 46. gxh3 Bb4 47. Ra8 a5 48. Kg2 g5 49. Kf3 Kg6 50. Ke4 f5+ 51. Ke5 Bc3+ 52. Ke6 f4 53. Rf8 Bb4 54. Rf5 Bd2 55. Ke5 Kh5 56. Ke4 Kh4 57. Kf3 Bc3 58.
Rc5 Bb4 59. Rc8 Kh5 0-1

[Event "Late-Titled-Tuesday-Blitz-March-19-2024"]
[Site "Chess.com"]
[Date "2024.03.19"]
[Round "4"]
[White "Zohid6"]
[Black "Polish_fighter3000"]
[Result "0-1"]
[WhiteElo "2876"]
[BlackElo "3132"]
[TimeControl "180+1"]
[EndTime "14:39:20 PDT"]
[Termination "Polish_fighter3000 won by resignation"]

1. e4 c6 2. d4 d5 3. e5 Bf5 4.
Nf3 e6 5. Be2 c5 6. O-O Nc6 7. Be3 cxd4 8. Nxd4 Nge7 9. f4 Nxd4 10. Bxd4 Nc6 11. Bf2 g5 12. Bg4 Bg6 13. c4 dxc4 14.
Qa4 gxf4 15. Bf3 Qc7 16. Nd2 Bg7 17. Bc5 Bd3 18. Nxc4 Bxc4 19. Qxc4 Nxe5 20. Qa4+ Qd7 21. Qxf4 Nd3 22. Qg4 Bxb2 23. Rad1 O-O-O 24. Be3 Kb8 25. Be4 f5 26. Qg3+ Be5 27. Bxa7+ Kxa7 28. Qxd3 Qd4+ 29. Kh1 Qxe4 30. Qa3+ Kb8 31. Qe7 Rxd1 32. Rxd1 Rc8 33. Qxe6 Bc7 34. Qh6 Re8 35. Rg1 f4 36. Qh5 Rg8 37.
h3 f3 38. Qxf3 Qxf3 39. gxf3 Rxg1+ 40. Kxg1 Bf4 41. Kf2 Kc7 42. Ke2 Kd6 43. Kd3 Kd5 44.
a4 Bc7 45. Kc3 Ba5+ 46. Kd3 Ke5 47. Ke3 h5 0-1

[Event "Late-Titled-Tuesday-Blitz-March-19-2024"]
[Site "Chess.com"]
[Date "2024.03.19"]
[Round "4"]
[White "korkmaz16"]
[Black "KorolDimitriy75"]
[Result "1-0"]
[WhiteElo "2574"]
[BlackElo "2389"]
[TimeControl "180+1"]
[EndTime "14:39:20 PDT"]
[Termination "korkmaz16 won on time"]

1. e4 c5 2. Nf3 d6 3. d4 cxd4 4. Nxd4 Nf6 5. Nc3 g6 6. Be3 Bg7 7. f3 O-O 8. Qd2 Nc6 9. Bc4 Bd7 10. O-O-O Qa5 11. Kb1 Rfc8 12. Bb3 Ne5 13. Bh6 Bxh6 14. Qxh6 Rxc3 15. bxc3 Qxc3 16. Qd2 Qc5 17. Rhe1 a5 18. f4 Nc4 19. Bxc4 Qxc4 20. Qd3 Qc5 21. Nb3 Qa3 22. e5 Bf5 23. Qd4 a4 24. Qb2 Qxb2+ 25. Kxb2 axb3 26. axb3 dxe5 27. fxe5 Ng4 28. h3 Nh6 29. g4 Be6 30. Rd4 Kg7 31. Rb4 Rb8 32. Rb6 Ng8 33. g5 Bxh3 34. Re4 Bf5 35. Reb4 Rc8 36. c4 h6 37. gxh6+ Kxh6 38. Rxb7 Rc5 39. R7b5 Rc6 40. Rb6 Rc7 41. Kc3 Kg5 42. Kd4 Nh6 43. Rb7 Rc8 44. Rxe7 Be6 45. Rbb7 Nf5+ 46. Kc3 Nxe7 47.
Rxe7 Kf5 48. Kd4 Rd8+ 49. Kc3 Kxe5 50. b4 Kd6 51. Ra7 Rc8 52. Ra6+ Ke5 53. c5 g5 54. Ra5 g4 55. c6+ Kf4 56. b5 g3 57. Ra4+ Kf3 58.
Ra1 Bd5 59. Kd4 Bxc6 60. Ra3+ Kf2 61. b6 g2 62. Ra2+ Kf1 63. Ke3 g1=Q+ 64. Kd3 1-0

[Event "Late-Titled-Tuesday-Blitz-March-19-2024"]
[Site "Chess.com"]
[Date "2024.03.19"]
[Round "4"]
[White "Smiechu"]
[Black "JiiHart"]
[Result "1-0"]
[WhiteElo "2427"]
[BlackElo "2203"]
[TimeControl "180+1"]
[EndTime "14:39:20 PDT"]
[Termination "Smiechu won by checkmate"]

1. e4 c5 2. Nf3 Nc6 3. d4 cxd4 4. Nxd4 g6 5. Nc3 Bg7 6. Be3 Nf6 7. Bc4 O-O 8. Bb3 Qa5 9. O-O b5 10. Nd5 Nxd5 11. exd5 Ne5 12. c3 Bb7 13. Qd2 a6 14. Bh6 Nc4 15. Qg5 Bxh6 16. Qxh6 Bxd5 17. Rad1 e6 18. Rfe1 Qd8 19. Nf5 Qf6 20. Bxc4 Bxc4 21. Ne3 d5 22. b3 Qxc3 23. bxc4 bxc4 24. Ng4 Qg7 25. Qf4 f5 26. Ne5 Rfe8 27. Nf3 Rad8 28.
Re5 Qxe5 29. Qxe5 Kf7 30. Ng5+ Kg8 31. Nxe6 Rd7 32. Rxd5 Rde7 33. Rd6 c3 34. Qxc3 Rxe6 35. Rxe6 Rxe6 36. h3 Kf7 37. Qc7+ Kf6 38. Qxh7 Rd6 39.
Qh4+ Ke6 40. Qa4 Rd5 41. g3 a5 42. Kg2 Ke5 43. h4 Ke6 44. f3 Kd6 45. g4 Rd2+ 46.
Kg3 f4+ 47. Kxf4 Rd4+ 48. Qxd4+ Ke6 49. Qe5+ Kd7 50. Qf6 a4 51. Ke5 a3 52. Qd6+ Ke8 53.
Qc7 g5 54. Kf6 gxh4 55. Qc8# 1-0

[Event "Late-Titled-Tuesday-Blitz-March-19-2024"]
[Site "Chess.com"]
[Date "2024.03.19"]
[Round "4"]
[White "GodzillaChessYoutube"]
[Black "EvilMorty23"]
[Result "1-0"]
[WhiteElo "2700"]
[BlackElo "2484"]
[TimeControl "180+1"]
[EndTime "14:39:21 PDT"]
[Termination "GodzillaChessYoutube won by checkmate"]

1. c4 e5 2. e3 Nf6 3. Nc3 d5 4. cxd5 Nxd5 5. Nf3 Nc6 6. Bb5 Nxc3 7. dxc3 Bd6 8. e4 O-O 9. Be3 Bg4 10. h3 Bh5 11. g4 Bg6 12. Bxc6 bxc6 13. Nd2 Rb8 14. Qc2 f6 15. Bxa7 Rb7 16. Be3 Bf7 17. b3 Qa8 18.
O-O h5 19. Kg2 hxg4 20. hxg4 c5 21. f3 c4 22. Nxc4 Bxc4 23. bxc4 Rfb8 24. Rfb1 Ba3 25. Rb3 Qa4 26. Rab1 Rxb3 27. axb3 Qc6 28. Qd3 Kf8 29.
b4 Ra8 30. Rh1 Bb2 31. Rh8+ Kf7 32. Rxa8 Qxa8 33. Qd5+ Qxd5 34. cxd5 Bxc3 35. b5 Ke7 36. Kf1 Kd7 37. Ke2 Bb4 38. Kd3 Ba3 39. Kc4 Kd6 40.
Ba7 Bc1 41. Bc5+ Kd7 42. Bf8 g6 43. d6 Ba3 44. Kd5 cxd6 45. b6 Bc5 46. b7 Kc7 47. b8=Q+ Kxb8 48. Bxd6+ Bxd6 49. Kxd6 Kc8 50. Ke6 f5 51. gxf5 gxf5 52. Kxf5 Kd7 53. Kxe5 Ke7 54. f4 Kf7 55. f5 Ke7 56. f6+ Kf7 57. Kf5 Kf8 58.
e5 Kf7 59. e6+ Kf8 60. Ke5 Ke8 61. Kd6 Kf8 62. Kd7 Kg8 63. e7 Kh7 64. e8=Q Kh6 65.
Qg8 Kh5 66. f7 Kh4 67. f8=Q Kh5 68. Qf5+ Kh6 69. Qfh7# 1-0

[Event "Late-Titled-Tuesday-Blitz-March-19-2024"]
[Site "Chess.com"]
[Date "2024.03.19"]
[Round "4"]
[White "SultaiC"]
[Black "BilicVladimir"]
[Result "1-0"]
[WhiteElo "2518"]
[BlackElo "2682"]
[TimeControl "180+1"]
[EndTime "14:39:21 PDT"]
[Termination "SultaiC won by checkmate"]

1. e4 c6 2. d4 d5 3. exd5 cxd5 4. Bd3 Nc6 5. c3 Nf6 6. Bf4 Bg4 7. Qb3 Qd7 8. Nd2 e6 9. h3 Bh5 10. Ngf3 Bxf3 11.
Nxf3 Bd6 12. Ne5 Qc7 13. O-O O-O 14. Rfe1 Bxe5 15. Bxe5 Nxe5 16. Rxe5 Rab8 17. a4 a6 18. a5 Rfd8 19. Ra4 b5 20. axb6 Rxb6 21. Qa2 Rdb8 22.
Re2 Qf4 23. Qa1 h5 24. b4 Ne4 25. Bxe4 dxe4 26. Qb1 f5 27. Re3 h4 28. Ra5 Rc6 29. Qa2 Qd6 30. d5 exd5 31. Rxd5 Qe6 32. Re1 Kh7 33. Qd2 Rxc3 34. Rd6 Qe5 35. f4 Qe7 36. Qd5 Qf8 37. Qe6 Rg3 38. Red1 Rb7 39. Rd8 Qf7 40.
Qc8 Rb6 41. Rh8+ Kg6 42. Qd8 Rf6 43. Qd2 Qa7+ 44. Kh1 Qe3 45. Qd7 Qe2 46. Qe8+ Rf7 47. Rd6# 1-0

[Event "Late-Titled-Tuesday-Blitz-March-19-2024"]
[Site "Chess.com"]
[Date "2024.03.19"]
[Round "4"]
[White "tolimachess"]
[Black "nindjaxx8"]
[Result "1-0"]
[WhiteElo "2467"]
[BlackElo "2657"]
[TimeControl "180+1"]
[EndTime "14:39:22 PDT"]
[Termination "tolimachess won by resignation"]

1. e4 e6 2. d4 d5 3. e5 c5 4. c3 Nc6 5. Nf3 Qb6 6. a3 Nh6 7. Bd3 Bd7 8. Bc2 cxd4 9. cxd4 Be7 10. Nc3 Rc8 11. O-O Na5 12. Bxh6 gxh6 13. Na4 Qd8 14. Nc5 Nc4 15. Nxd7 Qxd7 16. Ba4 b5 17. b3 Nxa3 18.
Qd2 bxa4 19. bxa4 Rg8 20. Qxh6 Bf8 21. Qxh7 Rg7 22. Qh8 Qxa4 23. Rfc1 Rxc1+ 24. Rxc1 Nc4 25. Rb1 Nb6 26. h4 Qc2 27. Re1 Qf5 28. Re3 Rh7 29. Qg8 Rg7 30. Qh8 Qg4 31. g3 Qg6 32. h5 Qb1+ 33.
Kg2 Rh7 34. Qg8 Rxh5 35. Re1 Qg6 36. Qxg6 fxg6 37. Ra1 Nc8 38. Ra6 Kd7 39. g4 Rh7 40.
Ng5 Re7 41. f4 Bh6 42. Nh3 Kc7 43. f5 gxf5 44. gxf5 Bf8 45. f6 Rf7 46. Ng5 Rd7 47. Rxe6 Kb7 48. Re8 Bb4 49. e6 Rc7 50. e7 a5 51. Ne6 Rd7 52. Rxc8 Kxc8 53. e8=Q+ Rd8 54. Qxd8+ 1-0